AoeStats
← CatHulu

Arabia

510699657Analyzed
1v1 RM · 2d ago on Oct 2, 2026· 33m 31s· 2 players
Game mode
Random Map
Map size
Tiny (2 player)
Population
200
Speed
Normal
Resources
Standard
Victory
Conquest
Starting age
Dark Age
Ending age
Imperial Age
RankedLock teamsTeams togetherTeam positionsShared explorationLock speedFull tech treeHidden civsTurbo modeCheats
Victory
Defeat
🇬🇧 Slavs · United Kingdom
1165
+17
🇩🇪 Teutons · Germany
1179
-17
CatHulu
6:12 Loom
9:06 Feudal Age
9:08 Man-at-Arms
10:20 Double-Bit Axe
23:07 Castle Age
21:20 Scale Mail Armor
23:07 Forging
23:19 Long Swordsman
25:19 Chain Mail Armor
26:52 Iron Casting
27:12 Squires
28:54 Wheelbarrow
28:26 Elite Skirmisher
29:33 Pikeman
GoldenHorde
7:09 Loom
9:24 Feudal Age
10:10 Double-Bit Axe
16:54 Horse Collar
20:19 Fletching
21:10 Gold Mining
23:46 Wheelbarrow
26:13 Castle Age
25:36 Padded Archer Armor
26:46 Town Watch
27:29 Bloodlines
27:35 Bow Saw
27:32 Bodkin Arrow
29:25 Scale Barding Armor
31:22 Guard Tower
Connection lost

Rejoining the realm…

Still unreachable

The connection could not be restored.

Session expired

The server has moved on; the page needs a fresh start.